 Dungeon Crawl Stone Soup version 0.29.0-15-g675c0067aa (webtiles) character file.

Game seed: 18343775780264132952

3889 qw the Cleaver (level 10, -1/88 HPs)
             Began as a Minotaur Berserker on Sept 12, 2022.
             Was an Elder of Trog.
             Slain by a yak (5 damage)
             ... while petrified by a basilisk
             ... on level 8 of the Dungeon.
             The game lasted 00:03:28 (10026 turns).

qw the Cleaver (Minotaur Berserker)                Turns: 10026, Time: 00:03:29

Health: -1/88      AC: 14    Str: 25    XL:     10   Next: 0%
Magic:  9/9        EV:  2    Int:  4    God:    Trog [****..]
Gold:   302        SH:  0    Dex:  9    Spells: 9/9 levels left

rFire   . . .      SeeInvis +   Y - +1 war axe
rCold   + . .      Faith    .   (no shield)
rNeg    + + +      Spirit   .   t - +0 plate armour
rPois   inf        Reflect  .   (helmet restricted)
rElec   .          Harm     .   (no cloak)
rCorr   .          Rampage  .   (no gloves)
Will    .....                   i - +0 pair of boots
Stlth   ..........              (no amulet)
HPRegen 0.24/turn               g - ring of see invisible
MPRegen 0.11/turn               q - ring of protection from cold

@: petrified
A: horns 2, retaliatory headbutt, weak 1
a: Renounce Religion, Berserk, Trog's Hand, Brothers in Arms


You were on level 8 of the Dungeon.
You worshipped Trog.
Trog was greatly pleased with you.
You visited 1 branch of the dungeon, and saw 8 of its levels.
You also visited: Sewer.

You collected 392 gold pieces.
You spent 90 gold pieces at shops.


Innate Abilities, Weirdness & Mutations

You have a pair of horns on your head.
You reflexively headbutt those who attack you in melee.
You are weak. (Str -2)


   Skills:
 - Level 8.2 Fighting
 - Level 14.0 Axes
 - Level 2.2 Throwing
 + Level 6.9 Armour
 - Level 2.1 Dodging


You had 9 spell levels left.
You didn't know any spells.
Your spell library was empty.

Inventory:

Hand Weapons
 a - a +0 morningstar
 Y - a +1 war axe (weapon)
Missiles
 h - 2 boomerangs (quivered)
Armour
 i - a +0 pair of boots (worn)
 t - a +0 plate armour (worn)
Jewellery
 e - a ring of positive energy
 g - a ring of see invisible (left hand)
 j - a +6 ring of dexterity
 k - a ring of flight
 q - a ring of protection from cold (right hand)
Scrolls
 b - 3 scrolls of teleportation
 o - 10 scrolls of identify
Potions
 c - 6 potions of curing
 d - 2 potions of heal wounds
 f - 2 potions of haste
 m - a potion of resistance
 n - 3 potions of might
 r - 2 potions of mutation

Dungeon Overview and Level Annotations

Branches:
Dungeon (8/15)             Temple (0/1) D:6            Lair (0/5) D:8
  Sewer (visited)

Altars:
Ashenzari
Dithmenos
Gozag
Hepliaklqana
Nemelex Xobeh
Ru
Trog
Uskayaw
Vehumet
Wu Jian
Yredelemnul
Zin


Message History

You hit the basilisk but do no damage. You barely miss the yak.
You closely miss the black bear. The black bear barely misses you.
The black bear claws you.
The black bear claws you but does no damage.
The yak gores you! The yak barely misses you.
The yak gores the plant.
The basilisk gazes at you. You resist with some effort.
You have turned to stone.
The black bear bites you.
The black bear claws you but does no damage. x2
The yak gores you but does no damage.
The yak gores the plant.
The basilisk bites you!
A nearby plant withers and dies.
The black bear bites you.
The black bear claws you but does no damage. x2
The yak gores you but does no damage. The yak gores you.
The yak gores you but does no damage. The basilisk bites you!
The black bear bites you. The black bear claws you.
The black bear claws you but does no damage.
The yak gores you! x2; The yak gores you.
The basilisk gazes at you. You resist with some effort.
The black bear bites you.
The black bear claws you but does no damage. x2
The yak gores you but does no damage. x2; The yak gores you!
The yak gores you but does no damage. The basilisk bites you.
The black bear bites you.
The black bear claws you but does no damage. x2
The yak gores you but does no damage. x2; The yak gores you!
The yak gores you but does no damage. The basilisk gazes at you.
You resist with some effort.
The black bear bites you but does no damage.
The black bear claws you but does no damage. x2
The yak gores you but does no damage. The yak gores you!
The yak gores you but does no damage. The yak gores you.
The basilisk bites you but does no damage.
The black bear bites you but does no damage.
The black bear barely misses you.
The black bear claws you but does no damage.
The yak barely misses you. The yak gores you!
You die...

#.....##.,* #..#.## ##.......
.o._.....,** #.#### ##...?.#
#.....##.,,****#.# ##...##
..#.#).#,,,,,,*#.# ##+##
.##.#*...,,**,*#.# ##.###
.........,,*#,##.# #.....
#####..,.*,*#.#..# #.!.#.
*##,,*,*##..Y## ###..... **
*,,,,*#..Y@Y#* ##.......
,*******,**#...hlY.#**###........
#..,,,,,,**#.P..YY.#,,.........#.
.#******,*#..........*###.#...##.
## *,*#.?........# #........
*,......>.....# #####.###
**##.........## #.# #.........#
#.# **,,,,,,,*##### #.#


You could see 6 yaks, a basilisk and a black bear.

Vanquished Creatures
  A hornet (D:8)
  A troll (D:8)
  3 wyverns
  2 orc warriors
  6 black bears
  An ogre (D:5)
  2 sky beasts
  A centaur (D:7)
  A phantom (D:4)
  3 kobold brigands (Sewer)
  A necrophage (D:7)
  2 bullfrogs (D:6)
  3 scorpions
  4 wights (D:7)
  8 killer bees (D:8)
  A howler monkey (D:6)
  2 orc priests (D:7)
  A gnoll bouda (D:7)
  A jelly (D:5)
  Jessica (D:3)
  2 iguanas
  3 orc wizards
  Robin (D:3)
  13 gnolls
  4 adders
  8 river rats
  2 shadow imps (D:6)
  A white imp (D:5)
  An ufetubus (D:6)
  3 worms
  3 dart slugs
  16 orcs
  10 bats
  13 endoplasms
  2 giant cockroaches
  11 goblins
  11 hobgoblins
  2 jackals (D:3)
  2 quokkas
  10 ball pythons
  5 frilled lizards
  22 kobolds
  30 rats
220 creatures vanquished.

Vanquished Creatures (others)
  A fungus (D:8)
  A plant (D:8)
  6 toadstools (D:8)
8 creatures vanquished.

Grand Total: 228 creatures vanquished

Notes
Turn   | Place    | Note
-------+----------+-------------------------------------------
     0 | D:1      | qw the Minotaur Berserker began the quest for the Orb.
     0 | D:1      | Reached XP level 1. HP: 19/19 MP: 0/0
     0 | D:1      | 0 ||| qw: Version: 0.1-a-119-g272c26d
     0 | D:1      | 0 ||| qw: Game counter: 10973
     0 | D:1      | 0 ||| qw: Always use a shield: true
     0 | D:1      | 0 ||| qw: Do Orc after D:15 true
     0 | D:1      | 0 ||| qw: Do second Lair branch before Depths: true
     0 | D:1      | 0 ||| qw: Lair rune preference: random
     0 | D:1      | 0 ||| qw: Plans: Normal
     0 | D:1      | 0 ||| PLANNING D:1-11
    27 | D:1      | Reached skill level 4 in Axes
    57 | D:1      | 57 ||| Stepping ~*~*~tactically~*~*~ (stealth).
    60 | D:1      | 60 ||| Stepping ~*~*~tactically~*~*~ (stealth).
    61 | D:1      | 61 ||| Stepping ~*~*~tactically~*~*~ (stealth).
    71 | D:1      | Reached XP level 2. HP: 14/26 MP: 1/1
   241 | D:1      | 241 ||| Stepping ~*~*~tactically~*~*~ (stealth).
   400 | D:1      | Reached ** piety under Trog
   467 | D:1      | 467 ||| Stepping ~*~*~tactically~*~*~ (stealth).
   478 | D:1      | Reached skill level 5 in Axes
   485 | D:1      | 485 ||| Stepping ~*~*~tactically~*~*~ (stealth).
   563 | D:1      | Reached XP level 3. HP: 31/31 MP: 2/2
   690 | D:1      | 690 ||| DROPPING +0 club.
   803 | D:1      | 803 ||| UPGRADING to +0 ring mail.
   813 | D:1      | 813 ||| DROPPING +0 animal skin.
   814 | D:1      | 814 ||| READING scroll labelled DYGHIH GOAKA.
   815 | D:1      | 815 ||| DRINKING 2 amethyst potions.
   816 | D:1      | 816 ||| DRINKING 2 viscous cyan potions.
   817 | D:1      | 817 ||| DROPPING potion of attraction.
   818 | D:1      | 818 ||| Stepping randomly (stuck).
   819 | D:1      | 819 ||| Stepping ~*~*~tactically~*~*~ (cloud).
   828 | D:1      | HP: 7/31 [poisoned by you (poison gas)]
  1097 | D:2      | 1097 ||| INVOKING Berserk.
  1134 | D:2      | 1134 ||| FLEEEEING.
  1135 | D:2      | 1135 ||| STAIRDANCE
  1300 | D:2      | Found a faded altar of an unknown god.
  1632 | D:2      | Reached skill level 6 in Axes
  1632 | D:2      | Reached XP level 4. HP: 30/39 MP: 3/3
  2018 | D:2      | 2018 ||| Stepping ~*~*~tactically~*~*~ (stealth).
  2308 | D:2      | 2308 ||| Stepping ~*~*~tactically~*~*~ (stealth).
  2311 | D:2      | 2311 ||| Stepping ~*~*~tactically~*~*~ (stealth).
  2312 | D:2      | 2312 ||| Stepping ~*~*~tactically~*~*~ (stealth).
  2317 | D:2      | 2317 ||| Stepping ~*~*~tactically~*~*~ (stealth).
  2474 | D:2      | 2474 ||| UPGRADING to ring of see invisible.
  2475 | D:2      | 2475 ||| UPGRADING to ring of positive energy.
  2476 | D:2      | 2476 ||| READING scroll labelled GOYPID VUINOWN.
  2477 | D:2      | 2477 ||| READING scroll labelled YWIMUE LAD SOA.
  2482 | D:2      | 2482 ||| READING scroll labelled SARAEW NETIWK.
  2483 | D:2      | 2483 ||| DRINKING 2 dark potions.
  2484 | D:2      | 2484 ||| DRINKING 2 smoky dark potions.
  2485 | D:2      | 2485 ||| DROPPING potion of brilliance.
  2516 | D:3      | 2516 ||| PLANNING SEWER
  2740 | D:3      | Found a glowing drain.
  2741 | D:3      | 2741 ||| UPGRADING to +0 scale mail.
  2751 | D:3      | 2751 ||| DROPPING +0 ring mail.
  2752 | D:3      | 2752 ||| UPGRADING to +0 pair of boots.
  2759 | D:3      | 2759 ||| FLEEEEING.
  2760 | D:3      | 2760 ||| FLEEEEING.
  2761 | D:3      | 2761 ||| FLEEEEING.
  2762 | D:3      | 2762 ||| FLEEEEING.
  2763 | D:3      | 2763 ||| FLEEEEING.
  2764 | D:3      | 2764 ||| FLEEEEING.
  2765 | D:3      | 2765 ||| FLEEEEING.
  2766 | D:3      | 2766 ||| FLEEEEING.
  2770 | D:3      | 2770 ||| FLEEEEING.
  2771 | D:3      | 2771 ||| FLEEEEING.
  2772 | D:3      | 2772 ||| FLEEEEING.
  2773 | D:3      | 2773 ||| FLEEEEING.
  2774 | D:3      | 2774 ||| FLEEEEING.
  2776 | D:3      | 2776 ||| FLEEEEING.
  2777 | D:3      | 2777 ||| FLEEEEING.
  2778 | D:3      | 2778 ||| FLEEEEING.
  2779 | D:3      | 2779 ||| FLEEEEING.
  2780 | D:3      | 2780 ||| STAIRDANCE
  2785 | D:3      | 2785 ||| STAIRDANCE
  2812 | D:3      | 2812 ||| FLEEEEING.
  2813 | D:3      | 2813 ||| FLEEEEING.
  2814 | D:3      | 2814 ||| FLEEEEING.
  2815 | D:3      | 2815 ||| FLEEEEING.
  2816 | D:3      | 2816 ||| FLEEEEING.
  2817 | D:3      | 2817 ||| FLEEEEING.
  2818 | D:3      | 2818 ||| FLEEEEING.
  2819 | D:3      | 2819 ||| FLEEEEING.
  2820 | D:3      | 2820 ||| FLEEEEING.
  2821 | D:3      | 2821 ||| FLEEEEING.
  2822 | D:3      | 2822 ||| FLEEEEING.
  2833 | D:3      | 2833 ||| FLEEEEING.
  2835 | D:3      | 2835 ||| FLEEEEING.
  2837 | D:3      | 2837 ||| STAIRDANCE
  2841 | D:3      | 2841 ||| STAIRDANCE
  2848 | D:3      | 2848 ||| STAIRDANCE
  2889 | D:3      | 2889 ||| FLEEEEING.
  2890 | D:3      | 2890 ||| FLEEEEING.
  2911 | D:3      | 2911 ||| FLEEEEING.
  2912 | D:3      | 2912 ||| FLEEEEING.
  2913 | D:3      | 2913 ||| FLEEEEING.
  2914 | D:3      | 2914 ||| FLEEEEING.
  2926 | D:3      | 2926 ||| FLEEEEING.
  2927 | D:3      | 2927 ||| FLEEEEING.
  2928 | D:3      | 2928 ||| FLEEEEING.
  2929 | D:3      | 2929 ||| FLEEEEING.
  2931 | D:3      | 2931 ||| STAIRDANCE
  2936 | D:3      | 2936 ||| STAIRDANCE
  2954 | D:3      | 2954 ||| FLEEEEING.
  2956 | D:3      | 2956 ||| FLEEEEING.
  2957 | D:3      | 2957 ||| FLEEEEING.
  2958 | D:3      | 2958 ||| FLEEEEING.
  2959 | D:3      | 2959 ||| FLEEEEING.
  2960 | D:3      | 2960 ||| FLEEEEING.
  2962 | D:3      | 2962 ||| FLEEEEING.
  2963 | D:3      | 2963 ||| FLEEEEING.
  2964 | D:3      | 2964 ||| FLEEEEING.
  2965 | D:3      | 2965 ||| FLEEEEING.
  2966 | D:3      | 2966 ||| FLEEEEING.
  2967 | D:3      | 2967 ||| FLEEEEING.
  2968 | D:3      | 2968 ||| STAIRDANCE
  2973 | D:3      | 2973 ||| STAIRDANCE
  2993 | D:3      | 2993 ||| FLEEEEING.
  3017 | D:3      | 3017 ||| FLEEEEING.
  3018 | D:3      | 3018 ||| FLEEEEING.
  3019 | D:3      | 3019 ||| FLEEEEING.
  3020 | D:3      | 3020 ||| FLEEEEING.
  3021 | D:3      | 3021 ||| FLEEEEING.
  3028 | D:3      | 3028 ||| FLEEEEING.
  3029 | D:3      | 3029 ||| FLEEEEING.
  3030 | D:3      | 3030 ||| FLEEEEING.
  3032 | D:3      | 3032 ||| FLEEEEING.
  3033 | D:3      | 3033 ||| FLEEEEING.
  3035 | D:3      | 3035 ||| FLEEEEING.
  3037 | D:3      | 3037 ||| STAIRDANCE
  3042 | D:3      | 3042 ||| FLEEEEING.
  3043 | D:3      | 3043 ||| STAIRDANCE
  3048 | D:3      | 3048 ||| STAIRDANCE
  3077 | Sewer    | Entered a sewer
  3166 | Sewer    | Reached *** piety under Trog
  3175 | Sewer    | 3175 ||| Stepping ~*~*~tactically~*~*~ (water).
  3177 | Sewer    | Reached skill level 7 in Axes
  3177 | Sewer    | Reached XP level 5. HP: 41/45 MP: 4/4
  3363 | Sewer    | 3363 ||| INVOKING Berserk.
  3366 | Sewer    | Reached skill level 8 in Axes
  3366 | Sewer    | Reached XP level 6. HP: 30/52 MP: 5/5
  3580 | Sewer    | 3580 ||| SWAPPING to +0 war axe.
  3587 | Sewer    | 3587 ||| DROPPING +0 hand axe.
  3603 | Sewer    | 3603 ||| Stepping ~*~*~tactically~*~*~ (stealth).
  3616 | Sewer    | 3616 ||| Stepping ~*~*~tactically~*~*~ (stealth).
  3629 | Sewer    | 3629 ||| Stepping ~*~*~tactically~*~*~ (stealth).
  3771 | Sewer    | Reached skill level 9 in Axes
  3935 | Sewer    | 3935 ||| DRINKING 3 clear potions.
  3935 | Sewer    | Gained mutation: You occasionally lose the ability to drink
                  | potions when taking damage. [potion of mutation]
  3935 | Sewer    | Gained mutation: Your spells are a little harder to cast,
                  | but a little more powerful. [potion of mutation]
  3935 | Sewer    | Gained mutation: Your spells are harder to cast, but more
                  | powerful. [potion of mutation]
  3935 | Sewer    | Gained mutation: Your system is resistant to poisons.
                  | (rPois) [potion of mutation]
  3936 | Sewer    | 3936 ||| DRINKING 2 potions of mutation.
  3936 | Sewer    | Lost mutation: Your spells are harder to cast, but more
                  | powerful. [potion of mutation]
  3936 | Sewer    | Lost mutation: Your system is resistant to poisons. (rPois)
                  | [potion of mutation]
  3936 | Sewer    | Lost mutation: Your spells are a little harder to cast, but
                  | a little more powerful. [potion of mutation]
  3937 | Sewer    | 3937 ||| DRINKING potion of mutation.
  3937 | Sewer    | Lost mutation: You occasionally lose the ability to drink
                  | potions when taking damage. [potion of mutation]
  3937 | Sewer    | Gained mutation: You are weak. (Str -2) [potion of
                  | mutation]
  3938 | Sewer    | 3938 ||| DRINKING 2 viscous inky potions.
  3973 | D:3      | 3973 ||| PLANNING D:1-11
  4031 | D:3      | 4031 ||| Stepping ~*~*~tactically~*~*~ (stealth).
  4048 | D:3      | Reached **** piety under Trog
  4138 | D:3      | 4138 ||| Stepping ~*~*~tactically~*~*~ (stealth).
  4143 | D:3      | 4143 ||| Stepping ~*~*~tactically~*~*~ (hiding).
  4152 | D:3      | 4152 ||| INVOKING Berserk.
  4292 | D:3      | Noticed Jessica
  4293 | D:3      | 4293 ||| Stepping ~*~*~tactically~*~*~ (stealth).
  4294 | D:3      | Killed Jessica
  4349 | D:3      | 4349 ||| Stepping ~*~*~tactically~*~*~ (stealth).
  4357 | D:3      | 4357 ||| Stepping ~*~*~tactically~*~*~ (stealth).
  4571 | D:3      | Found a shadowy altar of Dithmenos.
  4608 | D:3      | Reached XP level 7. HP: 60/60 MP: 6/6
  4608 | D:3      | 4608 ||| Stepping ~*~*~tactically~*~*~ (stealth).
  4628 | D:3      | Noticed Robin
  4633 | D:3      | 4633 ||| INVOKING Berserk.
  4634 | D:3      | Killed Robin
  4798 | D:3      | 4798 ||| UPGRADING to ring of protection from cold.
  4800 | D:3      | 4800 ||| READING scroll labelled DONILU IL UZOSM.
  4801 | D:3      | 4801 ||| DRINKING 2 murky purple potions.
  4802 | D:3      | 4802 ||| READING 3 scrolls of identify.
  4802 | D:3      | 4802 ||| IDENTIFYING sedimented golden potion
  4803 | D:3      | 4803 ||| READING 2 scrolls of identify.
  4803 | D:3      | 4803 ||| IDENTIFYING inky potion
  4804 | D:3      | 4804 ||| DROPPING potion of degeneration.
  4805 | D:3      | 4805 ||| DROPPING potion of ambrosia.
  4844 | D:4      | 4844 ||| INVOKING Berserk.
  5144 | D:4      | 5144 ||| INVOKING Berserk.
  5146 | D:4      | Reached skill level 10 in Axes
  5477 | D:4      | 5477 ||| DROPPING +0 whip.
  5556 | D:4      | Found a sacrificial altar of Ru.
  5897 | D:4      | Reached skill level 6 in Fighting
  5901 | D:4      | Found a basalt altar of Yredelemnul.
  5902 | D:4      | 5902 ||| READING scroll labelled TABBAN YL BUNK.
  5903 | D:4      | 5903 ||| READING 5 scrolls of identify.
  5903 | D:4      | 5903 ||| IDENTIFYING blue potion
  5904 | D:4      | 5904 ||| READING 4 scrolls of identify.
  5904 | D:4      | 5904 ||| IDENTIFYING fizzy orange potion
  5905 | D:4      | 5905 ||| READING 3 scrolls of identify.
  5905 | D:4      | 5905 ||| IDENTIFYING yellow potion
  5906 | D:4      | 5906 ||| DROPPING potion of berserk rage.
  5907 | D:4      | 5907 ||| DROPPING potion of magic.
  5937 | D:5      | Entered Level 5 of the Dungeon
  5944 | D:5      | 5944 ||| Stepping ~*~*~tactically~*~*~ (hiding).
  6145 | D:5      | Found a bloodstained altar of Trog.
  6153 | D:5      | 6153 ||| INVOKING Berserk.
  6156 | D:5      | Reached XP level 8. HP: 70/70 MP: 7/7
  6223 | D:5      | 6223 ||| INVOKING Berserk.
  6227 | D:5      | Reached skill level 11 in Axes
  6341 | D:5      | Found a hazy altar of Hepliaklqana.
  6424 | D:5      | 6424 ||| INVOKING Berserk.
  6573 | D:5      | 6573 ||| Stepping ~*~*~tactically~*~*~ (hiding).
  6579 | D:5      | Reached skill level 3 in Armour
  6777 | D:5      | 6777 ||| INVOKING Berserk.
  7034 | D:5      | 7034 ||| UPGRADING to +0 plate armour.
  7044 | D:5      | 7044 ||| DROPPING +0 scale mail.
  7045 | D:5      | 7045 ||| READING scroll labelled QINEIXZABU.
  7046 | D:5      | 7046 ||| DRINKING 3 fuming coppery potions.
  7047 | D:5      | 7047 ||| READING 7 scrolls of identify.
  7047 | D:5      | 7047 ||| IDENTIFYING cyan potion
  7048 | D:5      | 7048 ||| READING 6 scrolls of identify.
  7048 | D:5      | 7048 ||| IDENTIFYING green potion
  7049 | D:5      | 7049 ||| DROPPING potion of lignification.
  7050 | D:5      | 7050 ||| DROPPING 2 potions of flight.
  7051 | D:5      | 7051 ||| DROPPING potion of invisibility.
  7128 | D:6      | Found a staircase to the Ecumenical Temple.
  7173 | D:6      | 7173 ||| Stepping ~*~*~tactically~*~*~ (stealth).
  7174 | D:6      | 7174 ||| Stepping ~*~*~tactically~*~*~ (stealth).
  7195 | D:6      | 7195 ||| Stepping ~*~*~tactically~*~*~ (stealth).
  7196 | D:6      | 7196 ||| Stepping ~*~*~tactically~*~*~ (stealth).
  7198 | D:6      | 7198 ||| INVOKING Berserk.
  7655 | D:6      | Found a sparkling altar of Nemelex Xobeh.
  7656 | D:6      | Found an opulent altar of Gozag.
  7679 | D:6      | 7679 ||| DROPPING amulet of magic regeneration.
  7720 | D:7      | 7720 ||| INVOKING Berserk.
  7727 | D:7      | Reached skill level 12 in Axes
  7913 | D:7      | You fall into a shaft and drop 1 floor!
  7926 | D:8      | Found Zin's Purification Station.
  7928 | D:8      | Found a glowing silver altar of Zin.
  7933 | D:8      | 7933 ||| BUYING potion of curing (90 gold).
  7933 | D:8      | Bought a potion of curing for 90 gold pieces
  7974 | D:8      | Reached XP level 9. HP: 70/79 MP: 8/8
  8060 | D:8      | Reached skill level 6 in Armour
  8160 | D:8      | Noticed a troll
  8166 | D:8      | 8166 ||| INVOKING Berserk.
  8174 | D:8      | Killed a troll
  8393 | D:8      | Found a radiant altar of Vehumet.
  8402 | D:8      | Reached skill level 13 in Axes
  8420 | D:8      | 8420 ||| INVOKING Berserk.
  8423 | D:8      | HP: 29/118 [poisoned by a killer bee]
  8428 | D:8      | HP: 10/79 [poisoned by a killer bee]
  8429 | D:8      | 8429 ||| DRINKING 7 potions of curing.
  8429 | D:8      | 8429 ||| (to cure poison)
  8744 | D:8      | 8744 ||| READING scroll labelled JAIVOAXETA.
  8745 | D:8      | 8745 ||| READING scroll labelled XEPPAL TEEVA.
  8746 | D:8      | 8746 ||| READING scroll labelled ZATIENA SOOTZ.
  8747 | D:8      | 8747 ||| READING scroll labelled ZYW KISOCYXER.
  8831 | D:7      | 8831 ||| INVOKING Berserk.
  8966 | D:7      | 8966 ||| Stepping ~*~*~tactically~*~*~ (hiding).
  8967 | D:7      | 8967 ||| Stepping ~*~*~tactically~*~*~ (hiding).
  8968 | D:7      | 8968 ||| Stepping ~*~*~tactically~*~*~ (hiding).
  8969 | D:7      | 8969 ||| Stepping ~*~*~tactically~*~*~ (hiding).
  8979 | D:7      | 8979 ||| INVOKING Berserk.
  9068 | D:7      | 9068 ||| DROPPING +0 flail.
  9118 | D:7      | 9118 ||| Stepping ~*~*~tactically~*~*~ (stealth).
  9120 | D:7      | 9120 ||| Stepping ~*~*~tactically~*~*~ (hiding).
  9126 | D:7      | Reached skill level 14 in Axes
  9181 | D:7      | 9181 ||| Stepping ~*~*~tactically~*~*~ (stealth).
  9185 | D:7      | 9185 ||| INVOKING Berserk.
  9307 | D:7      | Identified the +1 robe "Aghyuts" {*Corrode rN+ Dex+5}
  9325 | D:7      | Found a broken altar of Ashenzari.
  9326 | D:7      | Found a hide-covered altar of Uskayaw.
  9790 | D:8      | Found an ornate altar of the Wu Jian Council.
  9802 | D:8      | Paralysed by a hornet for 1 turns
  9806 | D:8      | 9806 ||| INVOKING Berserk.
  9820 | D:8      | HP: 16/81 [orc priest/divine providence (13)]
  9821 | D:8      | 9821 ||| Stepping ~*~*~tactically~*~*~ (hiding).
  9822 | D:8      | 9822 ||| READING 4 scrolls of teleportation.
  9823 | D:8      | 9823 ||| DRINKING 3 potions of heal wounds.
 10010 | D:8      | Found a staircase to the Lair.
 10014 | D:8      | Reached XP level 10. HP: 81/88 MP: 9/9
 10015 | D:8      | 10015 ||| DRINKING 2 potions of cancellation.
 10017 | D:8      | 10017 ||| DRINKING potion of cancellation.
 10022 | D:8      | HP: 20/88 [yak (3)]
 10024 | D:8      | HP: 9/88 [yak (5)]
 10025 | D:8      | HP: 4/88 [yak (1)]
 10026 | D:8      | Slain by a yak

Levels and vault maps discovered:
D:1:      shiori_arrival_maze, layout_rooms
D:2:      layout_loops_corners, hellmonk_ecumenical_altar_zigzags,
          nicolae_elevator_lobby_asterisk
D:3:      layout_loops_ring, grunt_dithmenos_smoke_and_mirrors,
          portal_sewer_entry_a, uniq_jessica, uniq_robin
D:4:      layout_basic, mainiacjoe_overflow_24_doors,
          lemuel_coloured_pillars_altar, nicolae_titane
D:5:      layout_loops_cross, mainiacjoe_overflow_catch_the_wave
D:6:      layout_loops_ring, grunt_temple_overflow_opulence,
          minmay_temple_entry_slanted, minmay_misc_feat_enclosed
D:7:      layout_loops_ring, nicolae_overflow_squiral
D:8:      layout_loops_corners, nicolae_vehumet_radiance, zin_purify,
          mainiacjoe_overflow_small_starburst, david_lair_generic,
          minmay_gold_behind_fungi

Skill      XL: |  1  2  3  4  5  6  7  8  9 |
---------------+----------------------------+-----
Axes           | 4 5 6 7 8 9 10 12 14 | 14.0
Fighting       | 4 6 7 8 |  8.2
Armour         | 5 6 |  6.9
Throwing       | 2 |  2.2
Dodging        | |  2.1

Action                   |  1- 3 |  4- 6 |  7- 9 | 10-12 || total
-------------------------+-------+-------+-------+-------++-------
Melee: Hand axe          |    77 |    91 |       |       ||   168
       Headbutt          |    10 |    27 |    42 |       ||    79
       War axe           |       |    89 |   224 |     3 ||   316
Throw: Boomerang         |       |       |     6 |       ||     6
Invok: Berserk           |     1 |     2 |    15 |       ||    18
  Use: Potion            |     2 |     6 |     4 |     2 ||    14
       Scroll            |     1 |     3 |    15 |       ||    19
Armor: Animal skin       |    15 |       |       |       ||    15
       Ring mail         |     6 |     8 |       |       ||    14
       Scale mail        |       |    43 |    19 |       ||    62
       Plate armour      |       |       |    71 |    39 ||   110
Dodge: Dodged            |    36 |    71 |    77 |    10 ||   194

Table legend:
 A = Non-vault XP
 B = Vault XP
 C = Vault XP percentage of total XP
 D = Non-vault monster count
 E = Vault monster count
 F = Vault count percentage of total count
                 A         B        C        D         E       F
            +---------+---------+-------+---------+---------+-------
      Total |    4800 |     756 |  13.6 |     158 |      62 |  28.2
            +---------+---------+-------+---------+---------+-------
        D:1 |      48 |       4 |   7.7 |      30 |       2 |   6.2
        D:2 |      82 |       0 |   0.0 |      25 |       0 |   0.0
        D:3 |      94 |      99 |  51.3 |      28 |      15 |  34.9
        D:4 |     457 |       0 |   0.0 |      14 |       0 |   0.0
        D:5 |     604 |       0 |   0.0 |      11 |       0 |   0.0
        D:6 |     561 |       0 |   0.0 |       9 |       0 |   0.0
        D:7 |    1395 |       0 |   0.0 |      24 |       0 |   0.0
        D:8 |    1559 |     214 |  12.1 |      17 |       1 |   5.6
      Sewer |       0 |     439 | 100.0 |       0 |      44 | 100.0
            +---------+---------+-------+---------+---------+-------
